 Dungeon Crawl Stone Soup version 0.23.2-1-ga50397a (webtiles) character file.

Game seed: 4679491318718794746

58 MalarOregon the Skirmisher (level 4, -3/38 HPs)
             Began as a Ghoul Warper on May 26, 2019.
             Slain by an adder (5 damage)
             ... on level 2 of the Dungeon.
             The game lasted 00:02:42 (1701 turns).

MalarOregon the Skirmisher (Ghoul Warper)           Turns: 1701, Time: 00:02:43

Health: -3/38      AC:  5    Str: 14    XL:     4   Next: 2%
Magic:  5/5        EV: 12    Int:  9    God:
Gold:   33         SH:  0    Dex:  8    Spells: 6/6 levels left

rFire    . . .     SeeInvis .   a - +0 falchion
rCold    + . .     Gourm    .   (no shield)
rNeg     + + +     Faith    .   b - +0 leather armour
rPois    ∞         Spirit   .   (no helmet)
rElec    .         Reflect  .   j - +1 cloak
rCorr    .         Harm     .   (no gloves)
MR       .....                  (no boots)
Stlth    +.........             (no amulet)
HPRegen  0.00/turn              (no ring)
MPRegen  0.09/turn              (no ring)

@: rotting
A: rotting body, claws 1, carnivore, cold resistance 1, negative energy
resistance 3, inhibited regeneration, torment resistance, unbreathing
a: no special abilities


You were on level 2 of the Dungeon.
You were not hungry.

You visited 1 branch of the dungeon, and saw 2 of its levels.

You collected 33 gold pieces.

Inventory:

Hand Weapons
 a - a +0 falchion (weapon)
Missiles
 f - 5 tomahawks of dispersal (quivered) {!f}
Armour
 b - a +0 leather armour (worn)
 j - a +1 cloak (worn)
   (You found it on level 1 of the Dungeon)
Scrolls
 c - a scroll of amnesia {unknown}
 d - a scroll of blinking
 g - a scroll of teleportation {unknown}
 h - a scroll of immolation {unknown}
 n - a scroll of magic mapping {unknown}
 p - a scroll of identify {unknown}
 q - a scroll of remove curse {unknown}
 r - a scroll of noise {unknown}
Potions
 i - a potion of resistance {unknown}
 l - 2 potions of lignification {unknown}
 m - a potion of might {unknown}
 o - a potion of curing {unknown}
Comestibles
 e - 2 rations {!d}


   Skills:
 + Level 3.1 Fighting
 + Level 2.6 Long Blades
 - Level 0.8 Throwing
 - Level 0.8 Armour
 + Level 2.5 Dodging
 - Level 1.7 Spellcasting
   Level 2.6 Translocations


You had 6 spell levels left.
You didn't know any spells.
Your spell library contained the following spells:

 Spells                   Type           Power        Failure   Level  Hunger
 Blink                    Tloc           N/A          22%         2    ###....
 Shroud of Golubria       Chrm/Tloc      #.........   36%         2    ###....
 Gell's Gravitas          Tloc           #.........   38%         3    ####...
 Lesser Beckoning         Tloc           #.........   38%         3    ####...
 Teleport Other           Tloc           #.......     38%         3    ####...
 Passage of Golubria      Tloc           N/A          80%         4    #####..


Dungeon Overview and Level Annotations

Branches:
Dungeon (2/15)

Altars:
Nemelex Xobeh

Annotations:
D:1 Robin


Innate Abilities, Weirdness & Mutations

Your body is rotting away.
You thrive on raw meat.
You are immune to poison.
You have sharp fingernails.
You are carnivorous and can eat meat at any time.
Your flesh is cold resistant. (rC+)
You are immune to negative energy. (rN+++)
You do not regenerate when monsters are visible.
You are immune to unholy pain and torment.
You can survive without breathing.


Message History

You climb upwards.
There is a stone staircase leading down here.
Eat a chunk of flesh? (ye/n/q)
You eat the chunk of flesh.
This raw flesh tastes great!
Robin says, "Bow before me, strongest of all the hobgoblins!"
Robin hits you with a +0 mace.
* * * LOW HITPOINT WARNING * * *
You hit Robin but do no damage. Robin hits you but does no damage.
You hit Robin but do no damage. Robin hits you but does no damage.
You hit Robin but do no damage. Robin misses you.
You riposte.
You hit Robin but do no damage. You hit Robin but do no damage.
Robin closely misses you.
You closely miss Robin. Robin hits you with a +0 mace.
* * * LOW HITPOINT WARNING * * *
You barely miss Robin. Robin hits you with a +0 mace.
* * * LOW HITPOINT WARNING * * *
You closely miss Robin. You closely miss Robin. Robin hits you with a +0 mace!
* * * LOW HITPOINT WARNING * * *
Things that are here:
a +0 club x2
Okay, then.
Robin closely misses you.
You riposte.
You barely miss Robin.
Things that are here:
a cursed -1 dagger; a +0 club; a goblin skeleton
There is a stone staircase leading down here.
Things that are here:
a +0 club x2
Robin says, "Feeling lonely?"
Robin's bangles clink loudly.
Robin says, "Bow before me, strongest of all the hobgoblins!"
Robin says, "Bow before me, strongest of all the hobgoblins!"
You see here a +0 club.
There is a stone staircase leading down here.
You climb downwards.
A goblin comes into view. It is wielding a +0 dagger.
The goblin shouts!
You hear an angry hiss.
The goblin moves out of view.
There is a stone staircase leading up here.
You start resting.
The goblin is too close now for your liking.
You don't know any spells.
Sorry, you're not good enough to have a special ability.
You closely miss the goblin.
An adder comes into view.
The goblin hits you but does no damage. x2
You hit the goblin.
You kill the goblin!
You barely miss the adder. The adder bites you.
You die...

............
###
............
#..
............
..#
............
...
...........#
#.# ... #.#
.. #.#.#
#@..#
#..S.##
#.##.# #. ..
# .## .# .#
.#


You could see an adder.

Vanquished Creatures
  An adder (D:1)
  A dart slug (D:1)
  A leopard gecko (D:2)
  4 giant cockroaches (D:1)
  15 goblins
  8 hobgoblins (D:1)
  3 bats (D:1)
  A frilled lizard (D:1)
  2 kobolds (D:1)
  6 rats
42 creatures vanquished.

Notes
Turn   | Place    | Note
-------+----------+-------------------------------------------
     0 | D:1      | MalarOregon the Ghoul Warper began the quest for the Orb.
     0 | D:1      | Reached XP level 1. HP: 17/17 MP: 2/2
   394 | D:1      | Reached XP level 2. HP: 22/25 MP: 3/3
   492 | D:1      | Found a sparkling altar of Nemelex Xobeh.
   607 | D:1      | Reached XP level 3. HP: 23/30 MP: 4/4
  1030 | D:2      | Noticed Robin
  1339 | D:1      | Reached skill level 3 in Fighting
  1589 | D:2      | Reached XP level 4. HP: 34/38 MP: 5/5
  1610 | D:1      | HP: 1/38 [Robin/+0 mace (7)]
  1701 | D:2      | Slain by an adder

Skill      XL: |  1  2  3 |
---------------+----------+-----
Long Blades    | 2 |  2.6
Dodging        | 2 |  2.5
Fighting       | 3 |  3.1
Throwing       | |  0.8
Armour         | |  0.8
Spellcasting   | |  1.7
Translocations | |  2.6

Action                   |  1- 3 |  4- 6 || total
-------------------------+-------+-------++-------
Melee: Falchion          |   141 |    21 ||   162
  Eat: Chunk             |     6 |     1 ||     7
Armor: Leather armour    |    66 |     7 ||    73
Dodge: Dodged            |   144 |    14 ||   158
       Rpst.: Falchion   |    48 |     4 ||    52
